 Dungeon Crawl Stone Soup version 0.29.1-15-g9cfb28693d (webtiles) character file.

Game seed: 10032209660109083237

138 Eryximachus the Stinger (level 5, 0/33 HPs)
             Began as an Octopode Transmuter on Apr 14, 2023.
             Slain by an orc
             ... wielding a +0 hand axe
              (7 damage)
             ... on level 4 of the Dungeon on Apr 20, 2023.
             The game lasted 00:17:01 (5453 turns).

Eryximachus the Stinger (Octopode Transmuter)       Turns: 5453, Time: 00:17:02

Health: 0/33       AC:  2    Str:  9    XL:     5   Next: 21%
Magic:  3/8        EV: 23    Int: 18    God:
Gold:   223        SH:  0    Dex: 17    Spells: 3/9 levels left

rFire   . . .      SeeInvis .     - Unarmed
rCold   . . .      Faith    .   (shield currently unavailable)
rNeg    . . .      Spirit   .   (helmet currently unavailable)
rPois   x          Reflect  .   (no amulet)
rElec   .          Harm     .   E - +4 ring of evasion
rCorr   .          Rampage  .   (no ring)
Will    .....                   (no ring)
Stlth   ++........              (no ring)
HPRegen 0.11/turn               (no ring)
MPRegen 0.11/turn               (no ring)
                                (no ring)
                                (no ring)

@: spider-form, wereblooded
A: venomous fangs, almost no armour, (amphibious), 8 rings, tiny, (camouflage
1), (gelatinous body 1), (nimble swimmer 1), (tentacles)
a: End Transformation


You were on level 4 of the Dungeon.
You were a venomous arachnid creature.
You visited 1 branch of the dungeon, and saw 4 of its levels.

You collected 223 gold pieces.


Innate Abilities, Weirdness & Mutations

You are a venomous arachnid creature.
You have poisonous fangs.
You are tiny and dextrous.
Your spellcasting is less reliable in this form.
Your armour is entirely melded.
You are incapable of wielding weapons or throwing items.
You cannot wear most types of armour.
((You are amphibious.))
You can wear up to eight rings at the same time.
((Your skin changes colour to match your surroundings (Stealth+).))
((Your rubbery body absorbs attacks. (AC +1, EV +1)))
((You are camouflaged when in or above water. (Stealth+)))
((You have tentacles for arms and can constrict up to eight enemies at once.))


   Skills:
 * Level 1.3 Fighting
 - Level 2.0 Dodging
 - Level 3.0 Unarmed Combat
 + Level 2.5 Spellcasting
 + Level 3.2 Transmutations
 - Level 4.0 Poison Magic


You had 3 spell levels left.
You knew the following spells:

 Your Spells              Type           Power      Damage    Failure   Level
b - Beastly Appendage     Tmut           28%        N/A       14%         1
s - Spider Form           Tmut/Pois      15%        N/A       28%         3
w - Wereblood             Tmut           14%        N/A       19%         2

Your spell library contained the following spells:

 Spells                   Type           Power      Damage    Failure   Level
 Passwall                 Tmut/Erth      6%         N/A       30%         2
 Apportation              Tloc           4%         N/A       36%         1
 Ensorcelled Hibernation  Hex/Ice        4%         N/A       47%         2
 Static Discharge         Conj/Air       2%         3-4/arc   47%         2
 Swiftness                Air            2%         N/A       67%         3
 Ice Form                 Ice/Tmut       8%         N/A       83%         4
 Alistair's Intoxication  Tmut/Pois      10%        N/A       87%         5
 Dispel Undead            Necr           2%         3d7       95%         4
 Sticky Flame             Conj/Fire      2%         2d3       95%         4

Inventory:

Hand Weapons
 e - a +2 dagger of speed (melded)
Missiles
 b - 78 stones
 j - 8 poisoned darts (quivered)
Magical Staves
 g - a staff of cold {!a}
Jewellery
 E - a +4 ring of evasion (left front leg)
Scrolls
 c - a scroll of amnesia {unknown}
 d - a scroll of identify {@r1}
 i - 2 scrolls of teleportation {unknown}
 l - a scroll of summoning {unknown}
 m - a scroll of enchant weapon {unknown}
 o - a scroll of fog {unknown}
Potions
 a - a potion of lignification
 f - a potion of invisibility
 h - a potion of ambrosia
 k - a potion of haste {unknown}
 n - a potion of mutation {unknown}

Dungeon Overview and Level Annotations

Branches:
Dungeon (4/15)
 Temple: D:4-7

Altars:

Shops:
D:1 :   D:2 [

Annotations:
D:4 Dowan, Duvessa

.. ...........### ....##
..##.......$....##.....#
...#...................# ..
............#....<...##. ..
.......#..#............ ..
##...##..............# ...
##....#####o##.....##.. ..
#.....# ###.o.......# .
.######.##..#..#s..........
.#...#..###.................
..........#........>.....#..
..#.##...............###.#
.##.###..............# ##
.#............######...
..............## #$..
...............# ...
#.....####.....#..


You could see 2 orcs.


Message History

Your +2 dagger of speed melds into your body.
You climb downwards.
Level annotation: Dowan, Duvessa The orc priest invokes the aid of Beogh against you.
Beogh smites you! The orc completely misses you. x2
The orc hits you with a +0 hand axe. The orc closely misses you.
There is a stone staircase leading up here.
The orc priest attacks as you move away!
The orc priest closely misses you.
Found a stone staircase leading down.
The orc barely misses you.
You hit the orc priest.
The orc priest is poisoned.
The orc priest is lightly wounded.
The orc priest misses you. The orc hits you with a +0 hand axe.
* * * LOW HITPOINT WARNING * * *
The orc hits you with a +0 hand axe.
* * * LOW HITPOINT WARNING * * *
You hit the orc priest.
The orc priest is severely wounded.
The orc priest closely misses you. The orc barely misses you. x2
You kill the orc priest!
Training target 4.0 for Poison Magic reached!
Your Poison Magic skill increases to level 4!
You need to enable at least one skill for training.
You have reached level 5!
You feel clever.
You hiss as the wereblood boils in your veins!
Found 17 gold pieces.
You hit the orc but do no damage.
The orc is poisoned.
The orc hits you with a +0 hand axe!
You die...

Skill      XL: |  1  2  3  4 |
---------------+-------------+-----
Transmutations | 3 |  3.2
Poison Magic   | 2 4 |  4.0
Fighting       | |  1.3
Dodging        | |  2.0
Unarmed Combat | |  3.0
Spellcasting   | |  2.5

Action                   |  1- 3 |  4- 6 || total
-------------------------+-------+-------++-------
Melee: Unarmed           |    46 |    20 ||    66
       Kick              |    10 |       ||    10
       Constrict         |    16 |    19 ||    35
       Dagger            |    24 |    65 ||    89
       Tentacles         |     9 |    11 ||    20
       Punch             |     2 |     1 ||     3
Throw: Stone             |     4 |       ||     4
 Cast: Beastly Appendage |     7 |     1 ||     8
       Wereblood         |     2 |     4 ||     6
       Spider Form       |     2 |     4 ||     6
  Use: Scroll            |       |     2 ||     2
 Stab: Sleeping          |     4 |     4 ||     8
Armor: Skin              |     5 |     1 ||     6
Dodge: Dodged            |    57 |    69 ||   126

Levels and vault maps discovered:
D:1:      dpeg_arrival_more_subterranean_lakeside_camping, layout_rooms,
          shapermc_ecumenical_altar_ellora, serial_shops, shop_statue
D:2:      layout_basic, serial_shops, nicolae_shop_advertising_works
          [nicolae_subvault_shop_adworks], minmay_misc_feat_rows, st_stairs_5
D:3:      layout_basic, kennysheep_minor_cross, chequers_serial_rivers_micro_b,
          kennysheep_donut, hangedman_abyss_or_decor_lesser_grid,
          bh_walls_and_bars
D:4:      layout_cave_pools, uniq_duvessa

Notes
Turn   | Place    | Note
-------+----------+-------------------------------------------
     0 | D:1      | Eryximachus the Octopode Transmuter began the quest for the
                  | Orb.
     0 | D:1      | Reached XP level 1. HP: 13/13 MP: 3/3
   250 | D:1      | Found Ecoarug's Book Boutique.
   574 | D:1      | Found a faded altar of an unknown god.
   712 | D:1      | Reached XP level 2. HP: 18/18 MP: 3/5
   839 | D:1      | Learned a level 2 spell: Wereblood
  1067 | D:2      | Found Peysk's Antique Armour Boutique.
  1512 | D:2      | Reached skill level 3 in Transmutations
  1646 | D:2      | Reached XP level 3. HP: 14/23 MP: 6/6
  2044 | D:2      | Learned a level 3 spell: Spider Form
  2074 | D:2      | Reached skill level 1 in Poison Magic
  2082 | D:2      | HP: 2/23 [poisoned by an adder]
  2981 | D:2      | Reached skill level 2 in Poison Magic
  3007 | D:2      | Reached XP level 4. HP: 16/28 MP: 7/7
  4084 | D:3      | Reached skill level 3 in Poison Magic
  4376 | D:4      | Noticed a phantom
  4684 | D:4      | Noticed Dowan
  4692 | D:4      | Noticed Duvessa
  5449 | D:4      | Reached skill level 4 in Poison Magic
  5449 | D:4      | Reached XP level 5. HP: 7/33 MP: 2/8
  5453 | D:4      | Slain by an orc

Vanquished Creatures
  An orc priest (D:4)
  4 adders
  2 worms
  3 orcs (D:3)
  6 bats
  5 endoplasms
  2 giant cockroaches
  6 hobgoblins
  2 jackals (D:3)
  12 kobolds
  A quokka (D:3)
  5 ball pythons
  3 frilled lizards
  5 goblins
  6 rats
63 creatures vanquished.

Vanquished Creatures (others)
  2 fungi (D:1)
  A plant (D:1)
3 creatures vanquished.

Grand Total: 66 creatures vanquished

Table legend: (Time is in decaauts)
 A = Elapsed time spent in this place.
 B = Non-inter-level travel time spent in this place.
 C = Inter-level travel time spent in this place.
 D = Time resting spent in this place.
 E = Time spent auto-exploring this place.
 F = Levels seen in this place.
 G = Mean time per level.
                   A        B        C        D        E       F      G
               +--------+--------+--------+--------+--------+-----+--------+
         Total |   5421 |   4854 |    567 |   2632 |   1358 |   4 | 1355.2 |
       Dungeon |   5421 |   4854 |    567 |   2632 |   1358 |   4 | 1355.2 |
               +--------+--------+--------+--------+--------+-----+--------+

Top non-repeatable levels by time:
     D:2: 2102 daAuts
     D:3: 1544 daAuts
     D:1: 1220 daAuts
     D:4: 553 daAuts

Table legend:
 A = Non-vault XP
 B = Vault XP
 C = Vault XP percentage of total XP
 D = Non-vault monster count
 E = Vault monster count
 F = Vault count percentage of total count
                 A         B        C        D         E       F
            +---------+---------+-------+---------+---------+-------
      Total |     184 |      14 |   7.1 |      61 |       2 |   3.2
            +---------+---------+-------+---------+---------+-------
        D:1 |      19 |       0 |   0.0 |      13 |       0 |   0.0
        D:2 |      53 |      14 |  20.9 |      16 |       2 |  11.1
        D:3 |      38 |       0 |   0.0 |      19 |       0 |   0.0
        D:4 |      74 |       0 |   0.0 |      13 |       0 |   0.0
            +---------+---------+-------+---------+---------+-------
